 Dungeon Crawl Stone Soup version 0.31-a0-963-ga325b2283a (webtiles) character file.

Game seed: 126169120047532089

332 p00ps00p the Trooper (level 6, -6/56 HPs)
             Began as a Hill Orc Fighter on Oct 24, 2023.
             Mangled by an ogre
             ... wielding a +0 giant club
              (18 damage)
             ... on level 4 of the Dungeon.
             The game lasted 00:05:05 (3516 turns).

p00ps00p the Trooper (Hill Orc Fighter)             Turns: 3516, Time: 00:05:05

Health: -6/56      AC: 10    Str: 21    XL:     6   Next: 52%
Magic:  6/6        EV:  8    Int:  8    God:
Gold:   202        SH:  4    Dex: 10    Spells: 5/5 levels left

rFire   . . .        a - +0 war axe (flame)
rCold   . . .        c - +0 buckler
rNeg    . . .        j - +0 chain mail
rPois   .            q - +0 helmet
rElec   .            (no cloak)
rCorr   .            (no gloves)
SInv    .            (no boots)
Will    .....        (no amulet) Stlth
                     (no ring)
HPRegen 0.29/turn    (no ring)
MPRegen 0.10/turn

%: no passive effects
@: mighty
A: no striking features
a: no special abilities


You were on level 4 of the Dungeon.
You visited 1 branch of the dungeon, and saw 4 of its levels.

You collected 202 gold pieces.

Inventory:

Hand Weapons
 a - a +0 war axe of flaming (weapon)
Missiles
 o - a throwing net
Armour
 b - a +0 scale mail
 c - a +0 buckler (worn)
 j - a +0 chain mail (worn)
 q - a +0 helmet (worn)
Wands
 r - a wand of roots (9)
Scrolls
 e - 2 scrolls of amnesia
 n - a scroll of identify
 p - a scroll of poison
 t - a scroll of teleportation {unknown}
Potions
 d - a potion of might
 f - 2 potions of magic
 g - a potion of attraction
 i - a potion of degeneration {unknown}
 k - 4 potions of mutation
 l - a potion of brilliance {unknown}
 m - a potion of heal wounds {unknown}
 s - a potion of resistance {unknown}


   Skills:
 + Level 5.2 Fighting
 + Level 4.9 Axes
 + Level 4.8 Armour
 + Level 4.8 Shields


You had 5 spell levels left.
You didn't know any spells.
Your spell library was empty.

Dungeon Overview and Level Annotations

Branches:
Dungeon (4/15)
 Temple: D:4-7

Altars:
Dithmenos
Fedhas
Uskayaw
Yredelemnul
The Shining One

Shops:
D:1 :


Message History

You are too injured to fight recklessly!
You are too injured to fight recklessly!
You are too injured to fight recklessly!
You are too injured to fight recklessly!
You are too injured to fight recklessly!
You are too injured to fight recklessly!
You are too injured to fight recklessly!
You are too injured to fight recklessly!
You are too injured to fight recklessly!
You are too injured to fight recklessly!
You are too injured to fight recklessly!
You are too injured to fight recklessly!
You are too injured to fight recklessly!
You are too injured to fight recklessly!
You are too injured to fight recklessly!
You are too injured to fight recklessly!
You are too injured to fight recklessly!
You are too injured to fight recklessly!
You are too injured to fight recklessly!
You are too injured to fight recklessly!
You are too injured to fight recklessly!
You are too injured to fight recklessly!
You are too injured to fight recklessly!
You are too injured to fight recklessly!
You are too injured to fight recklessly!
You are too injured to fight recklessly!
You hit the ogre but do no damage.
The ogre is almost dead.
The ogre hits you with a +0 giant club!
* * * LOW HITPOINT WARNING * * *
You hit the ogre. You burn the ogre.
The ogre is almost dead.
The ogre hits you with a +0 giant club.
* * * LOW HITPOINT WARNING * * *
You feel better. You block the ogre's attack.
You feel very mighty all of a sudden.
You barely miss the ogre.
The ogre is almost dead.
The ogre hits you with a +0 giant club!!
You die...

# # ##### ## #...#
.####### ...## ...#...#
#...## .......# ...>##
..##...# ###O.(.#
.###...#### ##..@...##
.###<.....###........#
............#........#
........................
........##.......##....#
..................##.###
....#...........#.....#
..#.#...........####..#
..#...)............#


You could see an ogre.

Vanquished Creatures
  A scorpion (D:3)
  An iguana (D:4)
  An orc wizard (D:3)
  Ijyb (D:3)
  A hound zombie (D:4)
  Robin (D:3)
  5 adders
  An adder zombie (D:4)
  2 worms (D:3)
  2 dart slugs (D:2)
  6 orcs
  8 ball pythons
  8 bats
  10 endoplasms
  3 giant cockroaches
  8 goblins
  11 hobgoblins
  14 jackals
  6 quokkas
  A frilled lizard (D:1)
  6 kobolds
  6 rats
103 creatures vanquished.

Notes
Turn   | Place    | Note
-------+----------+-------------------------------------------
     0 | D:1      | p00ps00p the Hill Orc Fighter began the quest for the Orb.
     0 | D:1      | Reached XP level 1. HP: 19/19 MP: 1/1
    93 | D:1      | Reached XP level 2. HP: 27/27 MP: 2/2
   267 | D:1      | Reached skill level 4 in Fighting
   269 | D:1      | Reached XP level 3. HP: 33/33 MP: 3/3
   451 | D:1      | Found a faded altar of an unknown god.
   669 | D:1      | Found Agunal's Book Boutique.
   805 | D:1      | Reached XP level 4. HP: 40/40 MP: 4/4
  1674 | D:2      | Reached XP level 5. HP: 47/47 MP: 5/5
  2394 | D:3      | Reached XP level 6. HP: 12/55 MP: 6/6
  2545 | D:3      | Found a shadowy altar of Dithmenos.
  2567 | D:3      | Reached skill level 5 in Fighting
  2608 | D:3      | Noticed Ijyb
  2609 | D:3      | Noticed Robin
  2626 | D:3      | Killed Ijyb
  2631 | D:3      | Killed Robin
  3123 | D:3      | Found a hide-covered altar of Uskayaw.
  3201 | D:3      | Found a blossoming altar of Fedhas.
  3201 | D:3      | Found a glowing golden altar of the Shining One.
  3371 | D:4      | Found a basalt altar of Yredelemnul.
  3513 | D:4      | HP: 2/56 [ogre/+0 giant club (6)]
  3516 | D:4      | Mangled by an ogre

Illustrated notes

Levels and vault maps discovered:
D:1:      denvon_arrival_hothouse, layout_basic, serial_shops, shop,
          hellmonk_ecumenical_altar_dog_temple, chequers_serial_rivers_small_b,
          minmay_quantized
D:2:      layout_loops_ring, minmay_heptomino_h4
D:3:      layout_rooms, overflow_temple_1_default, grunt_dithmenos_smoke,
          gammafunk_temple_overflow_statue, nicolae_goblin_pals
D:4:      layout_cave_pools, lemuel_zombie_altar_yredelemnul, uniq_natasha

Skill      XL: |  1  2  3  4  5  6 |
---------------+-------------------+-----
Axes           | 3 4 |  4.9
Fighting       | 4 5 |  5.2
Shields        | 4 |  4.8
Armour         | 4 |  4.8

Action                     |  1- 3 |  4- 6 || total
---------------------------+-------+-------++-------
  Melee: War axe           |    91 |   172 ||   263
    Use: Scroll            |       |     8 ||     8
         Potion            |       |     5 ||     5
 Armour: Scale mail        |    52 |       ||    52
         Chain mail        |    21 |   171 ||   192
  Dodge: Dodged            |    51 |    89 ||   140
  Block: Buckler           |    28 |    43 ||    71

Table legend: (Time is in decaauts)
 A = Elapsed time spent in this place.
 B = Non-inter-level travel time spent in this place.
 C = Inter-level travel time spent in this place.
 D = Time resting spent in this place.
 E = Time spent auto-exploring this place.
 F = Levels seen in this place.
 G = Mean time per level.
                   A        B        C        D        E       F      G
               +--------+--------+--------+--------+--------+-----+--------+
         Total |   3605 |   3572 |     33 |   1171 |   1801 |   4 |  901.2 |
       Dungeon |   3605 |   3572 |     33 |   1171 |   1801 |   4 |  901.2 |
               +--------+--------+--------+--------+--------+-----+--------+

Top non-repeatable levels by time:
     D:2: 1374 daAuts
     D:3: 1042 daAuts
     D:1: 932 daAuts
     D:4: 255 daAuts
